 Dungeon Crawl Stone Soup version 0.27.0-1-g7a089689b8 (webtiles) character file.

Game seed: 14326685810327643250

7 mainiacjoe the Ruffian (level 1, 0/16 HPs)
             Began as a Draconian Transmuter on Aug 1, 2021.
             Slain by a goblin (3 damage)
             ... on level 1 of the Dungeon.
             The game lasted 00:03:55 (375 turns).

mainiacjoe the Ruffian (Draconian Transmuter)        Turns: 375, Time: 00:03:55

Health: 0/16       AC:  4    Str: 12    XL:     1   Next: 83%
Magic:  3/3        EV: 12    Int: 13    God:
Gold:   11         SH:  0    Dex: 11    Spells: 3/4 levels left

rFire    . . .     SeeInvis .     - Unarmed
rCold    . . .     Faith    .   (no shield)
rNeg     . . .     Spirit   .   (armour unavailable)
rPois    .         Reflect  .   (helmet restricted)
rElec    .         Harm     .   (no cloak)
rCorr    .         Rampage  .   (no gloves)
Will     .....                  (no boots)
Stlth    +.........             (no amulet)
HPRegen  0.05/turn              (no ring)
MPRegen  0.08/turn              (no ring)

@: no status effects
A: AC +4, unfitting armour, cold-blooded
a: no special abilities


You were on level 1 of the Dungeon.
You visited 1 branch of the dungeon, and saw 1 of its levels.

You collected 11 gold pieces.

Inventory:

Missiles
 b - 17 poisoned darts (quivered)
Scrolls
 a - a scroll of silence {unknown}


   Skills:
 - Level 1.1 Fighting
 - Level 1.7 Dodging
 + Level 3.5 Unarmed Combat
 - Level 2.0 Spellcasting
 - Level 2.0 Transmutations


You had 3 spell levels left.
You knew the following spells:

 Your Spells              Type           Power      Damage    Failure   Level
a - Beastly Appendage     Tmut           12%        N/A       11%         1

Your spell library contained the following spells:

 Spells                   Type           Power      Damage    Failure   Level
 Wereblood                Tmut           6%         N/A       17%         2
 Spider Form              Tmut/Pois      1%         N/A       45%         3
 Ice Form                 Ice/Tmut       3%         N/A       86%         4


Dungeon Overview and Level Annotations

Branches:
Dungeon (1/15)

Altars:


Innate Abilities, Weirdness & Mutations

Your plain brown scales are hard. (AC +4)
You cannot fit into any form of body armour.
You are cold-blooded and may be slowed by cold attacks.


Message History

The kobold is moderately wounded.
The kobold hits you with a +0 short sword.
You hit the kobold but do no damage.
Your tail-slap misses the kobold.
The kobold is moderately wounded.
The kobold hits you with a +0 short sword.
You are too injured to fight recklessly!
You are too injured to fight recklessly!
You are too injured to fight recklessly!
You are too injured to fight recklessly!
Press: ? - help, v - describe, . - travel
Here: a kobold, wielding a +0 short sword (moderately wounded)
The floor.
Your horns disappear.
Your talons disappear.
The kobold hits you with a +0 short sword.
You see here a +0 trident.
There is an open gate here.
There is an open gate here.
There is an open gate here.
You see here a +0 trident.
There is an open gate here.
There is an open gate here.
There is an open gate here.
The kobold hits you but does no damage.
A goblin comes into view. It is wielding a +0 club.
The goblin shouts!
The goblin hits you with a +0 club. The goblin hits you with a +0 club.
You see here a +0 scale mail of willpower.
The goblin hits you with a +0 club.
* * * LOW HITPOINT WARNING * * *
You see here a rat corpse.
Throw: 18 darts (poison)
Press: ? - help, Q - select action, (/) - cycle Shift-Dir - straight line, f - endoplasm
Aim: an endoplasm (84% to hit)
You throw a poisoned dart.
The poisoned dart barely misses the goblin.
The poisoned dart misses the kobold.
The poisoned dart hits the goblin.
The goblin is poisoned.
The goblin hits you with a +0 club.
You die...

...###.## #.#.#.## #.#
#.##.## #.# #.##.# #.#
..##.# #.# .....### #.#
##.....# #.#
#..##.###########.##
#.........Jg.Kg@...#
##.....###########..#
........# #..# #######.#
#.)# ...÷..#.# #..#
≈≈≈≈≈.#g# #..####..
≈≈≈≈≈÷#J# #######........
≈X≈≈≈÷#.####....†..#......
.÷.÷÷.#......######.>.##..


You could see an endoplasm, 2 goblins and a kobold.

Vanquished Creatures
  A dart slug (D:1)
  A giant cockroach (D:1)
  A quokka (D:1)
  A bat (D:1)
  A rat (D:1)
5 creatures vanquished.

Vanquished Creatures (others)
  A ghoul (D:1)
  2 minotaurs (D:1)
  A draconian (D:1)
  A troll (D:1)
  A formicid (D:1)
  A human (D:1)
  A demonspawn (D:1)
  A naga (D:1)
  A dwarf (D:1)
  A tengu (D:1)
  An ogre (D:1)
  A barachi (D:1)
  A mummy (D:1)
  A gnoll (D:1)
  7 tentacles (D:1)
22 creatures vanquished.

Grand Total: 27 creatures vanquished

Notes
Turn   | Place    | Note
-------+----------+-------------------------------------------
     0 | D:1      | mainiacjoe the Draconian Transmuter began the quest for the
                  | Orb.
     0 | D:1      | Reached XP level 1. HP: 16/16 MP: 3/3
     2 | D:1      | Noticed a draconian
     2 | D:1      | Noticed an ogre
     2 | D:1      | Noticed a formicid
     2 | D:1      | Noticed a ghoul
     2 | D:1      | Noticed a demonspawn
     2 | D:1      | Noticed a dwarf
     2 | D:1      | Noticed a tengu
     2 | D:1      | Noticed a kraken
     2 | D:1      | Noticed a minotaur
     2 | D:1      | Noticed a barachi
     2 | D:1      | Noticed a minotaur
     2 | D:1      | Noticed a troll
     2 | D:1      | Noticed a naga
     2 | D:1      | Noticed a human
     6 | D:1      | Killed an ogre
     7 | D:1      | Killed a dwarf
     8 | D:1      | Killed a naga
     8 | D:1      | Killed a barachi
    10 | D:1      | Killed a tengu
    14 | D:1      | Killed a troll
    15 | D:1      | Killed a minotaur
    15 | D:1      | Killed a draconian
    15 | D:1      | Killed a formicid
    18 | D:1      | Killed a ghoul
    19 | D:1      | Killed a minotaur
    20 | D:1      | Killed a demonspawn
    20 | D:1      | Killed a human
   375 | D:1      | Slain by a goblin

Illustrated notes

Levels and vault maps discovered:
D:1:      nicolae_arrival_kraken_aquarium_b, layout_loops_ring

Action                   || total
-------------------------++-------
Melee: Unarmed           ||    16
       Headbutt          ||     1
       Tailslap          ||     1
Throw: Dart              ||     1
 Cast: Beastly Appendage ||     5
Armor: Skin              ||     5
Dodge: Dodged            ||    13
